AoeStats
← Guitencule

Arena

508468930Analyzed
3v3 RM · 11d ago on Sep 22, 2026· 75m 36s· 6 players
Game mode
Random Map
Map size
Normal (6 player)
Population
200
Speed
Normal
Resources
Standard
Victory
Conquest
Starting age
Dark Age
Ending age
Imperial Age
RankedLock teamsTeams togetherTeam positionsShared explorationLock speedFull tech treeHidden civsTurbo modeCheats
Victory
Defeat
🇫🇷 Japanese · France
825
+10
🇫🇷 Burgundians · France
815
+10
🇫🇷 Danes · France
735
+13
🇪🇸 Goths · Spain
702
-12
🇪🇸 Cumans · Spain
670
-11
🇦🇷 Koreans · Argentina
646
-10
RuubenESP
4:22 Loom
10:46 Feudal Age
16:05 Double-Bit Axe
19:20 Town Watch
23:18 Castle Age
23:59 Man-at-Arms
31:57 Pikeman
34:39 Scale Mail Armor
35:34 Bow Saw
37:20 Gold Mining
38:12 Wheelbarrow
38:46 Forging
41:41 Iron Casting
40:40 Long Swordsman
41:40 Capped Ram
51:33 Imperial Age
65:37 Two-Handed Swordsman
xerrinho
0:39 Loom
12:08 Feudal Age
12:33 Man-at-Arms
23:25 Castle Age
21:52 Double-Bit Axe
21:53 Horse Collar
24:32 Gold Mining
24:34 Stone Mining
25:22 Wheelbarrow
24:41 Long Swordsman
26:46 Pikeman
27:45 Murder Holes
34:55 Hand Cart
35:00 Anarchy
35:57 Heavy Plow
36:19 Bow Saw
42:02 Imperial Age
40:47 Squires
44:05 Perfusion
44:35 Conscription
57:50 Halberdier
58:08 Two-Handed Swordsman
63:31 Crop Rotation
64:06 Two-Man Saw
67:57 Bloodlines
67:48 Husbandry
67:10 Light Cavalry
68:36 Hussar
Imperio Argentino
1:18 Loom
15:13 Feudal Age
17:19 Wheelbarrow
16:28 Horse Collar
16:41 Double-Bit Axe
16:51 Gold Mining
17:32 Stone Mining
18:04 Town Watch
22:07 Castle Age
21:43 Forging
21:33 Scale Mail Armor
21:45 Scale Barding Armor
23:20 Hand Cart
23:57 Bow Saw
24:10 Heavy Plow
25:46 Gold Shaft Mining
25:46 Stone Shaft Mining
25:44 Light Cavalry
29:10 Pikeman
29:50 Squires
29:35 Arson
31:44 Ballistics
32:13 Murder Holes
33:07 Fletching
33:55 Iron Casting
33:35 Chain Mail Armor
34:37 Bodkin Arrow
37:56 Imperial Age
36:51 Chain Barding Armor
38:35 Halberdier
39:07 Elite War Wagon
40:03 Town Patrol
41:22 Conscription
42:24 Chemistry
41:35 Fortified Wall
42:48 Two-Man Saw
42:36 Chain Mail Armor
42:24 Bracer
43:52 Chain Mail Armor
47:34 Hussar
48:14 Husbandry
49:26 Cavalier
54:14 Devotion
58:04 Plate Mail Armor
59:36 Treadmill Crane
Alexaumax
12:28 Feudal Age
11:49 Double-Bit Axe
13:07 Wheelbarrow
13:44 Horse Collar
14:40 Heavy Plow
21:26 Castle Age
20:05 Stone Mining
20:05 Gold Mining
20:40 Bow Saw
21:32 Scale Barding Armor
21:36 Cavalier
22:24 Pikeman
34:44 Imperial Age
36:27 Chemistry
35:02 Halberdier
38:03 Two-Man Saw
48:59 Elite Skirmisher
50:52 Chain Barding Armor
50:43 Forging
68:48 Crossbowman
Guitencule
4:23 Loom
13:00 Feudal Age
16:20 Man-at-Arms
18:49 Town Watch
18:52 Double-Bit Axe
18:53 Horse Collar
22:35 Castle Age
21:56 Forging
24:30 Heavy Plow
24:46 Bow Saw
24:29 Gold Mining
24:01 Pikeman
24:29 Gambesons
24:45 Squires
28:24 Thumb Ring
28:41 Elite Skirmisher
30:58 Wheelbarrow
36:21 Imperial Age
35:59 Hand Cart
36:03 Arson
36:22 Scale Mail Armor
36:23 Padded Archer Armor
36:52 Caravan
37:43 Conscription
38:54 Husbandry
39:57 Bloodlines
40:13 Scale Barding Armor
39:53 Crossbowman
46:33 Fletching
46:59 Leather Archer Armor
53:08 Long Swordsman
54:07 Chain Mail Armor
62:09 Iron Casting
62:05 Plate Mail Armor
61:31 Bodkin Arrow
75:13 Cavalier
ELFIAKO
2:48 Loom
10:15 Feudal Age
10:45 Double-Bit Axe
10:43 Horse Collar
22:23 Castle Age
20:43 Stone Mining
21:20 Fletching
21:59 Gold Mining
22:57 Town Watch
24:07 Bow Saw
23:59 Heavy Plow
25:43 Bodkin Arrow
28:24 Gold Shaft Mining
35:32 Imperial Age
33:51 Forging
36:13 Ballistics
36:32 Iron Casting
36:51 Conscription
38:39 Wheelbarrow
39:43 Chemistry
40:00 Hoardings
41:41 Blast Furnace
41:20 Hamask
42:39 Padded Archer Armor
43:49 Capped Ram
44:55 Masonry
45:51 Leather Archer Armor
46:16 Hand Cart
50:28 Bracer
49:53 Elite Skirmisher
55:17 Scale Mail Armor
55:47 Ring Archer Armor
58:13 Chain Mail Armor
63:48 Plate Mail Armor
64:53 Elite Jomsviking
66:20 Siege Ram
71:10 Northmen's Fury
Connection lost

Rejoining the realm…

Still unreachable

The connection could not be restored.

Session expired

The server has moved on; the page needs a fresh start.